 Dungeon Crawl Stone Soup version 0.17.0-22-g5edae84 (webtiles) character file.

12462 JudasIscariot the Protected (level 11, -2/89 HPs)
             Began as a Demonspawn Fighter on Nov 13, 2015.
             Was an Elder of Okawaru.
             Slain by a red ugly thing (18 damage)
             ... on level 13 of the Dungeon.
             The game lasted 00:49:36 (10711 turns).

JudasIscariot the Protected (Demonspawn Fighter)   Turns: 10711, Time: 00:49:36

Health: -2/89      AC: 15    Str: 20    XL:     11   Next: 62%
Magic:  12/12      EV:  6    Int: 12    God:    Okawaru [****..]
Gold:   586        SH: 11    Dex: 14    Spells: 0 memorised, 10 levels left

rFire  . . .     SeeInvis +     a - +0 war axe
rCold  + . .     Clarity  .     u - +0 plate armour
rNeg   + . .     SustAt   .     c - +0 shield
rPois  .         Gourm    .     (helmet restricted)
rElec  .         Spirit   .     v - +0 cloak
rCorr  .         Warding  .     (no gloves)
rMut   .         Stasis   .     (no boots)
MR     .....                    k - amulet of rage
Stlth  ..........               z - ring of see invisible
                                N - ring of positive energy

@: not resistant to hostile enchantments, extremely unstealthy
A: antennae 2, claws 1, talons 2, agile 1, clever 1, cold resistance 1,
deterioration 1, spiny 1
a: Heroism, Renounce Religion, Evoke Berserk Rage


You were on level 13 of the Dungeon.
You worshipped Okawaru.
Okawaru was greatly pleased with you.
You were hungry.

You visited 2 branches of the dungeon, and saw 12 of its levels.
You also visited: Ossuary and Bailey.

You collected 769 gold pieces.
You spent 183 gold pieces at shops.

Inventory:

Hand Weapons
 a - a +0 war axe (weapon)
Missiles
 g - 7 poisoned tomahawks (quivered)
 l - 7 javelins of penetration
 H - 5 curare-tipped needles
Armour
 b - a +0 scale mail
 c - a +0 shield (worn)
 f - the +2 leather armour of the Carpenter {Dex+4}
   (You found it on level 5 of the Dungeon)

   It affects your dexterity (+4).
 o - a +0 chain mail
 u - a +0 plate armour (worn)
 v - a +0 cloak (worn)
 w - a troll hide {Purgy}
Jewellery
 k - an amulet of rage (around neck)
 x - an uncursed ring of ice
 z - a ring of see invisible (right claw)
 D - an uncursed ring of fire
 N - a ring of positive energy (left claw)
 O - an uncursed ring of ice
 Q - a +3 ring of intelligence
Wands
 t - a wand of random effects (12)
 y - a wand of digging (21)
 B - a wand of flame (24)
 E - a wand of fireball (2)
 P - a wand of fire (4)
 R - a wand of disintegration (13)
Scrolls
 j - 6 scrolls of magic mapping
 n - 3 scrolls of enchant weapon
 q - 4 scrolls of remove curse
 r - a scroll of recharging
 s - 3 scrolls of identify
 A - a scroll of teleportation
Potions
 d - 5 potions of might
 i - 2 potions of magic
 m - 5 potions of curing
 p - 3 potions of brilliance
 I - a potion of haste
 K - a potion of agility
Books
 M - a book of Spatial Translocations

   Spells                             Type                      Level
   a - Apportation                    Translocation                1
   b - Blink                          Translocation                2
   c - Shroud of Golubria             Charms/Translocation         2
   d - Portal Projectile              Translocation                3
   e - Teleport Other                 Translocation                3
   f - Passage of Golubria            Translocation                4
 S - a book of the Tempests

   Spells                             Type                      Level
   a - Static Discharge               Conjuration/Air              3
   b - Lightning Bolt                 Conjuration/Air              5
   c - Fireball                       Conjuration/Fire             5
   d - Tornado                        Air                          9
   e - Shatter                        Earth                        9
Miscellaneous
 L - a phial of floods
Comestibles
 e - 9 bread rations
 h - 6 fruits
 C - 8 meat rations
 F - 5 beef jerkies
 G - 7 slices of pizza


   Skills:
 * Level 9.1 Fighting
 * Level 9.6 Axes
 * Level 9.8 Armour
 + Level 3.5 Dodging
 + Level 2.0 Stealth
 + Level 6.6 Shields
 + Level 1.3 Invocations
 + Level 1.5 Evocations


You had 10 spell levels left.
You didn't know any spells.

Dungeon Overview and Level Annotations

Branches:
Dungeon (13/15)            Temple (1/1) D:6            Lair (0/8) D:8
    Orc: D:9-12      Vaults: D:13-14

Altars:
Ashenzari
Cheibriados
Dithmenos
Elyvilon
Fedhas
Gozag
Kikubaaqudgha
Makhleb
Nemelex Xobeh
Okawaru
Qazlal
Ru
Sif Muna
Trog
Vehumet
Xom
Yredelemnul
Zin
The Shining One

Shops:
D:5 =   D:7 *


Innate Abilities, Weirdness & Mutations

You have a pair of antennae on your head.
You have sharp fingernails.
You have razor-sharp toenails.
Your flesh is cold resistant.
You are partially covered in sharp spines.
You are agile. (Dex +2)
Your mind is acute. (Int +2)
Your body sometimes deteriorates upon taking damage.


Message History

The troll bites you. You block the troll's attack. The troll claws you.
You slash the troll!
The troll is almost dead.
You block the troll's attack. The troll barely misses you.
The troll barely misses you.
You slash the troll!
You kill the troll!
Okawaru accepts your kill.
You are feeling hungry.
You hit the red ugly thing but do no damage.
You claw the red ugly thing, but do no damage.
The red ugly thing is struck by your spines.
The red ugly thing headbutts you.
You are engulfed in flames!
* * * LOW HITPOINT WARNING * * *
Unknown command.
Drink which item? (? for menu, Esc to quit)
You feel better. The red ugly thing headbutts you.
* * * LOW HITPOINT WARNING * * *
You are engulfed in flames!!
You die...

###.........####
#.........# #.........#
#.........###
+...........##
######.....#####..#
..................
###########..########...#..
.........u@.......###.(.##.
.....##'##.........##...##.
... #.##..........#...##. .
...#.....##.......##.
#...#....####.....###.
#?u.#...## ##....###.
#...#..## ##...#...
#...#.## ##..(#.#. ### {
##...(#.#.


You could see a red ugly thing.

Vanquished Creatures
  Fannar (D:10)
  3 hill giants (D:10)
  Pikel (D:4)
  The ghost of JudasIscariot the Covered, a novice DsFi of Okawaru (Bailey)
  The ghost of puimuR the Cleaver, a novice DsGl (D:8)
  A wizard (D:10)
  A cyclops (D:13)
  2 trolls
  A komodo dragon (D:13)
  2 slime creatures
  Sigmund (D:4)
  A human (D:8)
  2 hippogriffs
  6 yaks
  Duvessa (D:4)
  Purgy (D:3)
  An ogre (D:5)
  A sky beast (D:8)
  5 phantoms
  3 black bears
  5 centaurs
  4 ice beasts
  An elf zombie (Ossuary)
  6 giant frogs
  Dowan (D:4)
  A wyvern zombie (D:13)
  5 scorpions
  8 killer bees
  A wyvern skeleton (D:13)
  13 wights
  5 hounds
  4 crimson imps
  A human zombie (Ossuary)
  2 orc priests
  A centaur zombie (D:10)
  Crazy Yiuf (D:2)
  11 orc wizards
  A quasit (D:7)
  2 giant frog skeletons
  4 jellies
  2 centaur skeletons
  Terence (D:2)
  11 worker ants
  2 iguanas
  2 killer bee zombies
  A big kobold zombie (Ossuary)
  5 sheep
  A hound zombie (D:8)
  4 mummies (Ossuary)
  3 worker ant zombies
  13 adders
  4 shadow imps
  2 oozes
  2 adder skeletons
  4 worms
  5 giant geckos
  37 orcs
  2 ball pythons
  7 bats
  A gnoll zombie (Ossuary)
  10 goblins
  8 hobgoblins
  19 jackals
  7 kobolds
  8 giant cockroaches
  2 giant gecko skeletons
  4 giant newts
  2 goblin zombies (Ossuary)
  A hobgoblin zombie (Ossuary)
  A jackal skeleton (D:4)
  4 orc zombies (Ossuary)
  3 quokkas
  A quokka zombie (D:6)
  8 rats
  4 rat zombies
304 creatures vanquished.

Vanquished Creatures (others)
  An adder (D:4)
  2 jackals (D:4)
  A giant gecko (D:4)
4 creatures vanquished.

Grand Total: 308 creatures vanquished

Notes
Turn   | Place    | Note
--------------------------------------------------------------
     0 | D:1      | JudasIscariot the Demonspawn Fighter began the quest for the Orb.
     0 | D:1      | Reached XP level 1. HP: 18/18 MP: 1/1
    74 | D:1      | Gained mutation: You have sharp toenails. [demonic ancestry]
    74 | D:1      | Reached XP level 2. HP: 17/24 MP: 2/2
   338 | D:1      | Gained mutation: You are partially covered in sharp spines. [demonic ancestry]
   338 | D:1      | Reached XP level 3. HP: 20/29 MP: 3/3
   594 | D:2      | Noticed Terence
   610 | D:2      | Killed Terence
   610 | D:2      | Gained mutation: You have razor-sharp toenails. [demonic ancestry]
   610 | D:2      | Reached XP level 4. HP: 15/35 MP: 4/4
   653 | D:2      | Found a shadowy altar of Dithmenos.
   810 | D:2      | Found a stormy altar of Qazlal.
   833 | D:2      | Found a blossoming altar of Fedhas.
   833 | D:2      | Found a shattered altar of Ashenzari.
  1131 | D:2      | Noticed Crazy Yiuf
  1137 | D:2      | Paralysed by Crazy Yiuf for 3 turns
  1138 | D:2      | Killed Crazy Yiuf
  1138 | D:2      | Gained mutation: You have sharp fingernails. [demonic ancestry]
  1138 | D:2      | Reached XP level 5. HP: 28/42 MP: 5/5
  1363 | D:3      | Found a burning altar of Makhleb.
  1378 | D:3      | Noticed Purgy
  1386 | D:3      | Killed Purgy
  1386 | D:3      | Reached skill level 4 in Fighting
  1386 | D:3      | Reached skill level 1 in Dodging
  1520 | D:3      | Reached XP level 6. HP: 46/48 MP: 6/6
  1524 | D:3      | Found a white marble altar of Elyvilon.
  2193 | D:4      | Reached skill level 5 in Armour
  2193 | D:4      | Gained mutation: You have a pair of small antennae on your head. [demonic ancestry]
  2193 | D:4      | Reached XP level 7. HP: 53/55 MP: 7/7
  2203 | D:4      | Noticed Pikel
  2214 | D:4      | HP: 1/55 [Pikel/whip of electrocution (13)]
  2216 | D:4      | Killed Pikel
  2216 | D:4      | Reached XP level 8. HP: 12/61 MP: 8/8
  2552 | D:4      | Noticed Duvessa
  2553 | D:4      | Noticed Dowan
  2570 | D:4      | Killed Duvessa
  2570 | D:4      | Reached skill level 6 in Armour
  2585 | D:4      | Killed Dowan
  2594 | D:4      | Reached skill level 5 in Fighting
  2775 | D:4      | Noticed Sigmund
  2789 | D:4      | Killed Sigmund
  2789 | D:4      | Reached skill level 5 in Axes
  3123 | D:5      | Entered Level 5 of the Dungeon
  3193 | D:5      | Found a basalt altar of Yredelemnul.
  3219 | D:5      | Found Houremm's Jewellery Shop.
  3231 | D:5      | Bought a cursed amulet of inaccuracy for 26 gold pieces
  3260 | D:5      | Got a crude leather armour
  3271 | D:5      | Identified the +2 leather armour of the Carpenter {Dex+4} (You found it on level 5 of the Dungeon)
  3282 | D:5      | Reached skill level 7 in Armour
  3518 | D:5      | Found a sand-covered staircase.
  3535 | Ossuary  | Entered an ossuary
  3550 | Ossuary  | Gained mutation: Your flesh is cold resistant. [demonic ancestry]
  3550 | Ossuary  | Reached XP level 9. HP: 58/69 MP: 9/9
  4013 | D:5      | Reached skill level 1 in Stealth
  4824 | D:6      | Found a staircase to the Ecumenical Temple.
  4828 | Temple   | Entered the Ecumenical Temple
  4927 | Temple   | Became a worshipper of Warmaster Okawaru
  4982 | D:6      | Found an ancient bone altar of Kikubaaqudgha.
  5047 | D:6      | Found a snail-covered altar of Cheibriados.
  5940 | D:7      | Found Woetz's General Store.
  5946 | D:7      | Bought a potion of degeneration for 15 gold pieces
  5946 | D:7      | Bought a scroll of blinking for 112 gold pieces
  5946 | D:7      | Bought a scroll of identify for 30 gold pieces
  5947 | D:7      | Gained mutation: Your body sometimes deteriorates upon taking damage. [potion of mutation]
  5947 | D:7      | Gained mutation: You are agile. (Dex +2) [potion of mutation]
  5947 | D:7      | Gained mutation: Your mind is acute. (Int +2) [potion of mutation]
  6238 | D:7      | Reached * piety under Okawaru
  6291 | D:8      | Reached skill level 5 in Shields
  6375 | D:8      | Found a shimmering altar of Xom.
  6399 | D:8      | Found a flagged portal.
  6424 | Bailey   | Entered a bailey
  6468 | Bailey   | Noticed JudasIscariot's ghost (novice DsFi)
  6486 | Bailey   | Killed JudasIscariot's ghost
  6486 | Bailey   | Gained mutation: You have a pair of antennae on your head. [demonic ancestry]
  6486 | Bailey   | Reached XP level 10. HP: 65/79 MP: 10/10
  6852 | D:8      | Reached skill level 8 in Armour
  6897 | D:8      | Found a radiant altar of Vehumet.
  6898 | D:8      | Noticed puimuR's ghost (novice DsGl)
  6923 | D:8      | Killed puimuR's ghost
  6923 | D:8      | Reached ** piety under Okawaru
  6923 | D:8      | Reached skill level 1 in Invocations
  7385 | D:8      | Found a staircase to the Lair.
  8185 | D:9      | Reached *** piety under Okawaru
  8258 | D:9      | HP: 1/80 [slime creature (10)]
  8264 | D:9      | Received a gift from Okawaru
  8264 | D:9      | Reached skill level 9 in Armour
  8510 | D:9      | Found a bloodstained altar of Trog.
  8632 | D:10     | Entered Level 10 of the Dungeon
  8695 | D:10     | Found a stormy altar of Qazlal.
  8794 | D:10     | Noticed Fannar
  8829 | D:10     | Killed Fannar
  8829 | D:10     | Reached **** piety under Okawaru
  8829 | D:10     | Reached XP level 11. HP: 55/86 MP: 11/11
  8930 | D:10     | Noticed a wizard
  8936 | D:10     | Killed a wizard
  8939 | D:10     | Noticed a hill giant
  8957 | D:10     | Killed a hill giant
  9043 | D:10     | Noticed a hill giant
  9043 | D:10     | Noticed a hill giant
  9059 | D:10     | Killed a hill giant
  9059 | D:10     | Reached skill level 1 in Evocations
  9092 | D:10     | Killed a hill giant
  9176 | D:10     | Noticed a hill giant
  9847 | D:10     | You fall through a shaft for 3 floors!
  9847 | D:13     | Found a blossoming altar of Fedhas.
 10376 | D:13     | Received a gift from Okawaru
 10711 | D:13     | Slain by a red ugly thing

Action                   |  1- 3 |  4- 6 |  7- 9 | 10-12 || total
-------------------------+-------+-------+-------+-------++-------
Melee: War axe           |    65 |    95 |   384 |   409 ||   953
Invok: Heroism           |       |       |     2 |     3 ||     5
 Abil: Evoke Berserk Rag |       |       |       |     1 ||     1
Evoke: Wand              |       |       |       |    14 ||    14
  Use: Scroll            |     1 |       |    13 |     8 ||    22
       Potion            |       |       |    10 |     9 ||    19
 Stab: Sleeping          |       |       |     1 |       ||     1
  Eat: Chunk             |       |     4 |    10 |    11 ||    25
       Bread ration      |       |       |     1 |     1 ||     2
       Fruit             |       |       |     1 |       ||     1
